 Dungeon Crawl Stone Soup version 0.30-a0-475-g03497ec522 (webtiles) character file.

Game seed: 8341027955079935027

61 PimpSugar the Magician (level 3, -9/26 HPs)
             Began as a Demonspawn Hedge Wizard on Dec 20, 2022.
             Was a Follower of Vehumet.
             Killed by divine providence
             ... invoked by an orc priest
              (11 damage)
             ... on level 3 of the Dungeon.
             The game lasted 00:05:47 (2096 turns).

PimpSugar the Magician (Demonspawn Hedge Wizard)    Turns: 2096, Time: 00:05:47

Health: -9/26      AC:  6    Str: 10    XL:     3   Next: 83%
Magic:  2/8        EV: 11    Int: 19    God:    Vehumet [*.....]
Gold:   160        SH: 13    Dex: 12    Spells: 5/9 levels left

rFire   . . .      SeeInvis +    l - +2 dagger (pain)
rCold   + . .      Faith    .    (no shield)
rNeg    + . .      Spirit   .    r - +2 leather armour of Mobliumm {rN+ Int+2}
rPois   .          Reflect  +    c - +0 hat
rElec   .          Harm     .    (no cloak)
rCorr   .          Rampage  .    (no gloves)
Will    .....                    m - +0 pair of boots
Stlth   ++........               h - amulet of reflection
HPRegen 0.24/turn                p - ring of see invisible
MPRegen 0.11/turn                i - ring of protection from cold

@: studying Throwing
A: large bone plates 1, condensation shield
a: Renounce Religion


You were on level 3 of the Dungeon.
You worshipped Vehumet.
Vehumet was aware of your devotion.
You visited 1 branch of the dungeon, and saw 3 of its levels.

You collected 160 gold pieces.

Inventory:

Hand Weapons
 a - a +0 dagger
 l - a +2 dagger of pain (weapon)
Missiles
 e - 26 stones (quivered)
Armour
 b - a +0 robe
 c - a +0 hat (worn)
 k - an orb of mayhem
 m - a +0 pair of boots (worn)
 r - the +2 leather armour of Mobliumm (worn) {rN+ Int+2}
   (You found it on level 2 of the Dungeon)

   Int:       It affects your intelligence (+2).
   rN:        It protects you from negative energy.
Jewellery
 f - a ring of magical power
 h - an amulet of reflection (around neck)
 i - a ring of protection from cold (right hand)
 p - a ring of see invisible (left hand)
Scrolls
 g - 4 scrolls of identify
 n - 2 scrolls of immolation {unknown}
 q - 3 scrolls of fear {unknown}
Potions
 d - a potion of magic
 j - 2 potions of attraction
 o - 2 potions of lignification


   Skills:
 + Level 1.1 Fighting
 + Level 0.2 Throwing
 - Level 1.7 Dodging
 - Level 1.7 Stealth
 * Level 3.5 Spellcasting
 + Level 1.6 Conjurations
 + Level 1.6 Summonings
 + Level 1.4 Translocations


You had 5 spell levels left.
You knew the following spells:

 Your Spells              Type           Power      Damage    Failure   Level
a - Magic Dart            Conj           36%        1d4       10%         1
b - Call Imp              Summ           9%         N/A       16%         2
c - Foxfire               Conj/Fire      24%        2x1d5     14%         1

Your spell library contained the following spells:

 Spells                   Type           Power      Damage    Failure   Level
 Blink                    Tloc           18%        N/A       16%         2
 Slow                     Hex            12%        N/A       21%         1
 Cigotuvi's Dreadful Rot  Necr/Pois/Air  6%         N/A       30%         2
 Gell's Gravitas          Tloc           9%         N/A       32%         3
 Teleport Other           Tloc           9%         N/A       32%         3
 Summon Guardian Golem    Hex/Summ       6%         N/A       38%         3
 Mephitic Cloud           Conj/Pois/Air  5%         N/A       43%         3
 Dispersal                Tloc           4%         N/A       100%        6
 Orb of Destruction       Conj           4%         9d5       100%        7
 Spellforged Servitor     Conj/Summ      4%         N/A       100%        7


Dungeon Overview and Level Annotations

Branches:
Dungeon (3/15)

Altars:
Vehumet


Innate Abilities, Weirdness & Mutations

You are partially covered in large bone plates. (SH +4)
A meltable shield of frost defends you. (SH +4)


Message History

You block the ball python's attack. The ball python barely misses you.
The gnoll hits you but does no damage.
Casting: Foxfire (safe; 14% risk of failure)
Confirm with . or Enter, or press ? or * to list all spells.
You conjure some foxfire!
The ball python bites you. You block the ball python's attack.
The gnoll closely misses you.
The foxfire hits the orc wizard.
The orc wizard is lightly wounded.
The ball python bites you but does no damage.
You block the ball python's attack.
You hit the ball python.
You kill the ball python!
Vehumet accepts your kill.
The foxfire hits the orc wizard.
The orc wizard is lightly wounded.
The gnoll hits you but does no damage.
Your magical contamination has completely faded away.
You closely miss the adder. You block the adder's attack.
The gnoll hits you from afar with a +0 spear.
The orc wizard points at you and mumbles some strange words.
The magic dart hits you! The orc barely misses you.
You hit the orc.
The orc is heavily wounded.
You block the adder's attack. The adder bites you but does no damage.
The gnoll hits you from afar with a +0 spear.
* * * LOW HITPOINT WARNING * * *
You block the orc wizard's attack. You block the orc's attack.
As you read the scroll labelled QEVAF ERENT, it crumbles to dust.
It is a scroll of identify.
j - 2 potions of attraction The adder bites you but does no damage.
The gnoll misses you. The gnoll barely misses you.
You block the orc wizard's attack. The orc hits you with a +0 mace.
* * * LOW HITPOINT WARNING * * *
As you read the scroll of identify, it crumbles to dust.
o - 2 potions of lignification You block the adder's attack.
The orc priest mumbles some strange prayers to Beogh against you.
Beogh smites you!
You die...

.. # ####
#.....#####....
.#.#....#...##
.....#.......#
#.#..#........
##.#...........
..............! #
#..#.g@......# #.
#<.#ooSo#...##
..#..##g.#g.o.# ##
o.o....).#o...##.
...o.....o........
.###.###(#.##.....?
#. #.#....##..# #
#.###..# ..# #"#
..# ...


You could see an orc warrior, an orc priest, an orc wizard, 2 gnolls, an adder
and 3 orcs.

Vanquished Creatures
  An adder (D:2)
  4 ball pythons
  6 endoplasms
  4 goblins
  7 hobgoblins
  A quokka (D:2)
  7 bats
  A frilled lizard (D:2)
  5 kobolds
  3 rats
39 creatures vanquished.

Vanquished Creatures (collateral kills)
  A gnoll (D:3)
1 creature vanquished.

Vanquished Creatures (others)
  21 foxfires
21 creatures vanquished.

Grand Total: 61 creatures vanquished

Notes
Turn   | Place    | Note
-------+----------+-------------------------------------------
     0 | D:1      | PimpSugar the Demonspawn Hedge Wizard began the quest for
                  | the Orb.
     0 | D:1      | Reached XP level 1. HP: 13/13 MP: 4/4
   187 | D:1      | Reached skill level 1 in Translocations
   314 | D:1      | Gained mutation: A meltable shield of frost defends you.
                  | (SH +4) [demonic ancestry]
   314 | D:1      | Reached XP level 2. HP: 20/20 MP: 6/6
   334 | D:1      | Learned a level 2 spell: Call Imp
  1275 | D:2      | Gained mutation: You are partially covered in large bone
                  | plates. (SH +4) [demonic ancestry]
  1275 | D:2      | Reached XP level 3. HP: 23/25 MP: 7/7
  1316 | D:2      | Reached skill level 1 in Fighting
  1418 | D:2      | Found a faded altar of an unknown god.
  1427 | D:2      | Prayed at the altar of an unknown god.
  1427 | D:2      | Became a worshipper of Vehumet
  1427 | D:2      | Reached * piety under Vehumet
  1427 | D:2      | Offered knowledge of Foxfire by Vehumet.
  1430 | D:2      | Learned a level 1 spell: Foxfire
  1517 | D:2      | Identified the +2 leather armour of Mobliumm {rN+ Int+2}
  2085 | D:3      | Noticed an orc warrior
  2096 | D:3      | Killed from afar by an orc priest

Illustrated notes

Levels and vault maps discovered:
D:1:      dpeg_arrival_pond, layout_basic
D:2:      layout_loops_ring, hellmonk_ecumenical_altar_crossroads,
          serial_aquarium, aquarium_bridge_straight [aquarium_subvault_bridge,
          aquarium_subvault_window, aquarium_subvault_bridge,
          aquarium_subvault_wall], aquarium_window_corner, aquarium_window_2,
          aquarium_window_2, aquarium_window_fake, aquarium_view_2b,
          aquarium_view_2e
D:3:      layout_loops_ring, mainiacjoe_overflow_24_doors,
          minmay_joined_circles, uniq_jessica, uniq_sigmund

Skill      XL: |  1  2  3 |
---------------+----------+-----
Translocations | 1 |  1.4
Fighting       | 1 |  1.1
Throwing       | |  0.2
Dodging        | |  1.7
Stealth        | |  1.7
Spellcasting   | |  3.5
Conjurations   | |  1.6
Summonings     | |  1.6

Action                   || total
-------------------------++-------
Melee: Dagger            ||    88
 Cast: Magic Dart        ||    39
       Foxfire           ||    15
       Call Imp          ||     1
  Use: Scroll            ||     2
Armor: Robe              ||     6
       Leather armour    ||     7
Dodge: Dodged            ||    44
Block: Other             ||    59

Table legend: (Time is in decaauts)
 A = Elapsed time spent in this place.
 B = Non-inter-level travel time spent in this place.
 C = Inter-level travel time spent in this place.
 D = Time resting spent in this place.
 E = Time spent auto-exploring this place.
 F = Levels seen in this place.
 G = Mean time per level.
                   A        B        C        D        E       F      G
               +--------+--------+--------+--------+--------+-----+--------+
         Total |   2093 |   1979 |    114 |      0 |   1372 |   3 |  697.7 |
       Dungeon |   2093 |   1979 |    114 |      0 |   1372 |   3 |  697.7 |
               +--------+--------+--------+--------+--------+-----+--------+

Top non-repeatable levels by time:
     D:1: 1103 daAuts
     D:2: 965 daAuts
     D:3: 23 daAuts
